 Dungeon Crawl Stone Soup version 0.23-a0-625-g1d2cd9b (webtiles) character file.

61 galech the Covered (level 3, -2/29 HPs)
             Began as a Demonspawn Fighter on Dec 24, 2018.
             Slain by an adder (3 damage)
             ... on level 2 of the Dungeon.
             The game lasted 00:01:25 (1057 turns).

galech the Covered (Demonspawn Fighter)             Turns: 1057, Time: 00:01:26

Health: -2/29      AC:  6    Str: 21    XL:     3   Next: 83%
Magic:  3/3        EV:  7    Int:  9    God:
Gold:   61         SH:  9    Dex: 15    Spells: 2/2 levels left

rFire    . . .     SeeInvis .   a - +0 war axe
rCold    . . .     Gourm    .   c - +0 shield
rNeg     . . .     Faith    .   b - +0 scale mail
rPois    .         Spirit   .   (no helmet)
rElec    .         Reflect  .   (no cloak)
rCorr    .         Harm     .   (no gloves)
MR       .....                  (no boots)
Stlth    +.........             (no amulet)
HPRegen  0.09/turn              (no ring)
MPRegen  0.08/turn              (no ring)

@: mighty, lethally poisoned (-2 -> -5)
A: claws 1, thin skeletal structure 1
a: no special abilities


You were on level 2 of the Dungeon.
You were not hungry.

You visited 1 branch of the dungeon, and saw 2 of its levels.

You collected 61 gold pieces.

Inventory:

Hand Weapons
 a - a +0 war axe (weapon)
Armour
 b - a +0 scale mail (worn)
 c - a +0 shield (worn)
Jewellery
 j - a cursed -3 ring of strength {unknown}
Scrolls
 e - a scroll of immolation {unknown}
 h - a scroll of teleportation {unknown}
 i - a scroll of enchant weapon {unknown}
 l - a scroll of amnesia {unknown}
 n - a scroll of fog {unknown}
Potions
 d - 2 potions of might
 k - a potion of ambrosia {unknown}
 m - 2 potions of lignification {unknown}
Comestibles
 f - a ration
 g - 4 chunks of flesh


   Skills:
 + Level 3.3 Fighting
 + Level 2.4 Axes
 + Level 3.3 Armour
 + Level 0.1 Dodging
 + Level 3.1 Shields


You had 2 spell levels left.
You didn't know any spells.
Your spell library was empty.

Dungeon Overview and Level Annotations

Branches:
Dungeon (2/15)

Altars:

Annotations:
D:2 Robin


Innate Abilities, Weirdness & Mutations

You have sharp fingernails.
You have a somewhat thin skeletal structure. (Dex +2, Stealth)


Message History

The goblin hits you but does no damage. The adder bites you.
* * * LOW HITPOINT WARNING * * *
You are poisoned.
The adder poisons you! The goblin hits you.
* * * LOW HITPOINT WARNING * * *
The goblin hits you but does no damage.
You slash the adder!
The adder is almost dead.
You slash the goblin!
You kill the goblin!
You slash the goblin!
You kill the goblin!
You hit the goblin. You closely miss the goblin. You barely miss the goblin.
You feel sick. The adder bites you but does no damage.
You block the goblin's attack. The goblin hits you but does no damage.
Robin says, "Bow before me, strongest of all the hobgoblins!"
The goblin hits you.
* * * LOW HITPOINT WARNING * * *
The adder bites you.
You die...

#)#.###.#######.###
#.................#
######.#........<#.#
#..................#
#.#....####...#..###
#(#######...#>.#
#..#...........#
#.)#g#########.#
#.)@ggg.... .#
#.S#gg..### .#
#..##g#%..# #.%#
g..#.# #..# ... .
#..# ..#.# #..# .. #
#.. ###


You could see Robin, an adder, a hobgoblin and 6 goblins.

Vanquished Creatures
  Terence (D:2)
  A leopard gecko (D:2)
  A ball python (D:1)
  6 bats
  3 hobgoblins
  8 kobolds (D:1)
  A frilled lizard (D:1)
  8 goblins
  3 rats
32 creatures vanquished.

Notes
Turn   | Place    | Note
-------+----------+-------------------------------------------
     0 | D:1      | galech the Demonspawn Fighter began the quest for the Orb.
     0 | D:1      | Reached XP level 1. HP: 18/18 MP: 1/1
   323 | D:1      | Gained mutation: You have a somewhat thin skeletal
                  | structure. (Dex +2, Stealth) [demonic ancestry]
   323 | D:1      | Reached XP level 2. HP: 24/24 MP: 2/2
   961 | D:2      | Gained mutation: You have sharp fingernails. [demonic
                  | ancestry]
   961 | D:2      | Reached XP level 3. HP: 29/29 MP: 3/3
   974 | D:2      | Noticed Terence
   985 | D:2      | Killed Terence
  1049 | D:2      | Noticed Robin
  1057 | D:2      | HP: 1/29 [goblin[Robin] (5)]
  1057 | D:2      | Slain by an adder

Vault maps used:
D:1:      dpeg_arrival_arbitrary_a, minmay_pentomino_u2
D:2:      minmay_recursive_quarters, lemuel_blue_sif_altar, first_ration,
          okawaru_ov_weapons_minmay, uniq_robin, uniq_natasha, uniq_jessica,
          uniq_terence

Skill      XL: |  1  2  3 |
---------------+----------+-----
Armour         | 3 |  3.3
Shields        | 3 |  3.1
Axes           | 2 |  2.4
Fighting       | |  3.3
Dodging        | |  0.1

Action                   || total
-------------------------++-------
Melee: War axe           ||    99
  Use: Potion            ||     1
  Eat: Chunk             ||     1
Armor: Scale mail        ||    69
Dodge: Dodged            ||    31
Block: Shield            ||    72

Table legend:
 A = Non-vault XP
 B = Vault XP
 C = Vault XP percentage of total XP
 D = Non-vault monster count
 E = Vault monster count
 F = Vault count percentage of total count
                 A         B        C        D         E       F
            +---------+---------+-------+---------+---------+-------
      Total |      41 |      47 |  53.4 |      25 |       7 |  21.9
            +---------+---------+-------+---------+---------+-------
        D:1 |      33 |       2 |   5.7 |      20 |       1 |   4.8
        D:2 |       8 |      45 |  84.9 |       5 |       6 |  54.5
            +---------+---------+-------+---------+---------+-------
